 Dungeon Crawl Stone Soup version 0.31.0-9-g3a7656b989 (webtiles) character file.

Game seed: 3262605116024962864

282510 GordonOverkill the Crack Shot (level 21, -23/162 (168) HPs)
             Began as a Formicid Delver on Jan 25, 2024.
             Was a High Priest of Okawaru.
             Killed from afar by a tengu reaver (35 damage)
             ... with a bolt of lightning
             ... on level 3 of the Vaults.
             The game lasted 01:23:47 (41799 turns).

GordonOverkill the Crack Shot (Formicid Delver)    Turns: 41799, Time: 01:23:48

HP:   -23/162 (168) AC: 30    Str: 25    XL:     21   Next: 11%
MP:   26/26         EV: 15    Int: 12    God:    Okawaru [*****.]
Gold: 1755          SH: 25    Dex: 19    Spells: 20/20 levels left

rFire   + . .        U - +6 hand cannon (flame)
rCold   . . .        y - +0 tower shield
rNeg    . . .        W - +1 chain mail of Distant Worlds {Str+3 Slay+3}
rPois   .            (helmet unavailable)
rElec   .            E - +2 cloak {Will+}
rCorr   .            q - +2 pair of gloves
SInv    +            S - +2 pair of boots
Will    +++..        e - amulet of regeneration
Stlth   ++           x - +4 ring of slaying
HPRegen 1.27/turn    Q - ring of protection from fire
MPRegen 0.20/turn

%: no passive effects
@: heroic, lightly drained
A: permanent stasis, dig shafts and tunnels, antennae 3, four strong arms
}: 2/15 runes: serpentine, barnacled
a: Dig, Shaft Self, Renounce Religion, Heroism, Finesse, Duel


You were on level 3 of the Vaults.
You worshipped Okawaru.
Okawaru was extremely pleased with you.
You visited 6 branches of the dungeon, and saw 33 of its levels.
You visited 1 bazaar.
You also visited: Sewer.

You collected 3224 gold pieces.
You spent 1469 gold pieces at shops.

Inventory:

Hand Weapons
 v - the +4 whip of Checks and Balances {spect, rPois}
   (You found it on level 3 of the Dungeon)

   rPois:     It protects you from poison
 B - the +8 sling "Hiop" {elec, rElec Int+3 Dex+2 SInv}
   (You found it on level 2 of the Dungeon)

   Int+3:     It affects your intelligence (+3).
   Dex+2:     It affects your dexterity (+2).
   rElec:     It insulates you from electricity.
   SInv:      It lets you see invisible.
 U - a +6 hand cannon of flaming (weapon)
 X - a +1 triple crossbow of draining
Missiles
 p - 78 boomerangs
 t - 2 throwing nets
Armour
 q - a +2 pair of gloves (worn)
 y - a +0 tower shield (worn)
 E - a +2 cloak of willpower (worn)
 H - a +0 buckler
 J - the +2 leather armour of Understanding {rC+ Str+2 Slay+3}
   (You found it on level 6 of the Dungeon)

   Str+2:     It affects your strength (+2).
   Slay+3:    It affects your accuracy & damage with ranged weapons and melee
   (+3).
   rC+:       It protects you from cold.
 S - a +2 pair of boots (worn)
 W - the +1 chain mail of Distant Worlds (worn) {Str+3 Slay+3}
   (You found it on level 2 of the Vaults)

   Str+3:     It affects your strength (+3).
   Slay+3:    It affects your accuracy & damage with ranged weapons and melee
   (+3).
Jewellery
 b - a +6 ring of intelligence
 e - an amulet of regeneration (around neck)
 k - a +4 ring of protection
 m - a ring of ice
 x - a +4 ring of slaying (left hand)
 A - a ring of protection from cold
 O - the amulet of Eternal Night {RegenMP +Blink rN+}
   (You found it on level 4 of the Shoals)

   [amulet of magic regeneration]

   RegenMP:   It increases your rate of magic regeneration.
   rN+:       It protects you from negative energy.
   +Blink:    It lets you blink.
 Q - a ring of protection from fire (right hand)
 V - a ring of ice
Wands
 f - a wand of digging (8)
 u - a wand of flame (31)
 z - a wand of light (4)
 I - a wand of paralysis (33)
 P - a wand of polymorph (17)
 R - a wand of iceblast (9)
 T - a wand of mindburst (17)
Scrolls
 c - 6 scrolls of fog
 h - 7 scrolls of identify
 n - 3 scrolls of silence
 w - a scroll of amnesia
 C - 2 scrolls of fear
 D - a scroll of enchant armour
 K - 6 scrolls of revelation
 L - 6 scrolls of poison
Potions
 a - 4 potions of attraction
 d - 3 potions of enlightenment
 g - 5 potions of cancellation
 i - 3 potions of invisibility
 j - 2 potions of magic
 l - 3 potions of mutation
 o - 10 potions of curing
 r - 8 potions of might
 s - 2 potions of heal wounds
 F - 7 potions of brilliance
 G - a potion of ambrosia
 N - 5 potions of lignification
Miscellaneous
 M - a condenser vane (inert)


   Skills:
 - Level 15.0(20.0) Fighting
 - Level 4.0(9.0) Polearms
 - Level 21.0(26.0) Ranged Weapons
 - Level 21.0(26.0) Armour
 - Level 5.0(10.0) Dodging
 - Level 6.1(11.1) Stealth
 - Level 20.0(25.0) Shields
 + Level 7.5 Invocations
 - Level 2.0 Evocations


You had 20 spell levels left.
You didn't know any spells.
Your spell library contained the following spells:

 Spells                   Type           Power      Damage    Failure   Level
 Kiss of Death            Conj/Necr      0%         2d5       63%         1
 Magic Dart               Conj           0%         1d3       63%         1
 Slow                     Hex            0%         N/A       63%         1
 Jinxbite                 Hex            0%         N/A       77%         2
 Lesser Beckoning         Tloc           0%         N/A       77%         2
 Mercury Vapours          Alch/Air       0%         N/A       77%         2
 Confusing Touch          Hex            0%         N/A       94%         3
 Gell's Gravitas          Tloc           0%         N/A       94%         3
 Inner Flame              Hex/Fire       0%         N/A       94%         3
 Mephitic Cloud           Conj/Alch/Air  0%         N/A       94%         3
 Sigil of Binding         Hex            0%         N/A       94%         3
 Vampiric Draining        Necr           0%         2d6       94%         3
 Brom's Barrelling Bould  Conj/Erth      0%         2d3       100%        4
 Dispel Undead            Necr           0%         3d6       100%        4
 Flame Wave               Conj/Fire      0%         2d4       100%        4
 Sticky Flame             Fire/Alch      0%         2d4       100%        4
 Fireball                 Conj/Fire      0%         3d3       100%        5
 Freezing Cloud           Conj/Ice/Air   0%         6-21      100%        5
 Iskenderun's Battlesphe  Conj           0%         2d6       100%        5
 Yara's Violent Unravell  Hex/Alch       0%         3d3       100%        5
 Conjure Ball Lightning   Conj/Air       0%         3x3d6     100%        6
 Enfeeble                 Hex            0%         N/A       100%        7
 Orb of Destruction       Conj           0%         9d5       100%        7
 Blink                    Tloc           Unusable   N/A       N/A         2
 Call Imp                 Summ           Unusable   N/A       N/A         2

Dungeon Overview and Level Annotations

Branches:
Dungeon (15/15)            Temple (0/1) D:6            Lair (5/5) D:8
 Shoals (4/4) Lair:3        Snake (4/4) Lair:2        Slime (0/5) Lair:4
    Orc (2/2) D:12            Elf (0/3) Orc:2        Vaults (3/5) D:13
  Crypt (0/3) Vaults:2     Depths (0/4) D:15          Sewer (visited)

Altars:
Gozag
Hepliaklqana
Okawaru
Ru
Trog
Vehumet
Yredelemnul
Zin

Shops:
D:1 =*!   D:3 *   D:7 ?   D:12 [   Orc:1 *   Orc:2 =:=(   Snake:1 *?(*:
Vaults:2 !:[[


Innate Abilities, Weirdness & Mutations

You cannot be hasted, slowed, berserked, paralysed or teleported.
You can dig through walls and to a lower floor.
You have a pair of large antennae on your head. (SInv)
Your four strong arms can wield two-handed weapons with a shield.


Message History

The tengu reaver casts a spell at you. The bolt of negative energy misses you.
You shoot a bolt. The bolt misses the tengu reaver.
You feel extremely sick. You block the tengu reaver's attack.
The tengu reaver pecks you but does no damage.
You block the tengu reaver's attack.
You fail to use your ability.
You feel extremely sick.
The tengu reaver points at you and mumbles some strange words.
The bolt of poison hits you!!
You are more poisoned.
* * * LOW HITPOINT WARNING * * *
You feel better.
The runic seal fades away.
The tengu reaver casts a spell at you. The bolt of fire hits you. You resist.
* * * LOW HITPOINT WARNING * * *
Unknown command.
Unknown command.
Clouds condense from the air!
The condenser dries out!
The orc knight is engulfed in noxious fumes.
The orc knight appears confused.
The orc knight hits the tengu reaver with a +3 long sword.
The tengu reaver points at you and mumbles some strange words.
The bolt of cold hits you!!!
* * * LOW HITPOINT WARNING * * *
You feel much better.
The orc knight is engulfed in noxious fumes.
The tengu reaver casts a spell at you. The bolt of poison hits you!!!
You are poisoned.
* * * LOW HITPOINT WARNING * * *
Unknown command.
You feel better.
The orc knight is engulfed in blazing flames.
The orc knight hits the tengu reaver with a +3 long sword!!
The vault warden is engulfed in noxious fumes.
The tengu reaver gestures at you while chanting.
The bolt of lightning hits you!!
You die...

#....###...
#....#...
####.#.# {
##..).#
#..########
#.##...##.#
#.#.....#o#
#.+.....Qp#
#.#....@#p#
#.##...##.#
#########..#
#....#....##
#...)#.#.####
#.{.).)#....#
#..pp###....#
##'### ######
#..,{


You could see a tengu reaver (repels missiles), an orc knight (confused) and an
ironbound convoker.

Vanquished Creatures
  Saint Roka (Orc:2)
  Nikola (Snake:3)
  The ghost of Muvus the Executioner, an adept DsFi of Uskayaw (Vaults:1)
  2 krakens (Shoals:4)
  Polyphemus (Shoals:2)
  3 sphinxes
  Donald (Shoals:4)
  12 nagarajas
  Ilsuiw (Arena)
  Aizul (Snake:3)
  A frost giant (Arena)
  5 vault wardens
  2 orc warlords
  4 ironbound preservers
  5 ironbound thunderhulks
  4 dire elephants
  A stone giant (Vaults:2)
  2 ettins
  A fire dragon (D:12)
  7 yaktaur captains
  2 great orbs of eyes
  12 merfolk impalers
  5 merfolk javelineers
  2 rakshasas (D:15)
  4 hydras
  A vault guard (Vaults:2)
  5 salamander tyrants
  14 centaur warriors
  A catoblepas (Shoals:2)
  7 ironbound frosthearts
  8 anacondas
  8 two-headed ogres
  6 boulder beetles
  2 merfolk avatars
  4 satyrs
  3 merfolk aquamancers (Shoals:4)
  Erica (D:9)
  15 naga warriors
  7 death yaks
  An alligator snapping turtle (Shoals:4)
  8 shock serpents
  5 orc high priests (Orc:2)
  18 naga sharpshooters
  A deep elf knight (D:13)
  Nergalle (Lair:1)
  Amaemon (D:9)
  A fire crab (Lair:4)
  3 salamander mystics (Snake:2)
  2 skysharks
  3 skeletal warriors (D:15)
  6 mana vipers
  10 sea snakes
  3 arcanists
  Pikel (D:7)
  4 naga ritualists
  26 harpies
  8 deep trolls
  7 ironbound convokers
  2 deep elf pyromancers (D:13)
  7 orc knights
  A deep elf zephyrmancer (D:13)
  10 ugly things
  22 fauns
  7 cyclopes
  14 manticores
  A shining eye (shapeshifter) (D:12)
  8 orc sorcerers (Orc:2)
  14 salamanders
  8 merfolk sirens
  5 kobold blastminers (Orc:2)
  5 guardian serpents
  11 naga magi
  38 black mambas
  5 water nymphs
  8 vault sentinels
  9 elephants
  Joseph (D:7)
  An orange demon (D:9)
  2 gargoyles (D:12)
  Maggie (D:9)
  11 cane toads
  A rime drake (Arena)
  2 unseen horrors
  5 komodo dragons
  20 yaktaurs
  A kobold demonologist (D:13)
  9 trolls
  A troll (shapeshifter) (D:13)
  4 polar bears
  32 merfolk
  7 wind drakes
  12 snapping turtles
  6 hornets
  A snapping turtle (shapeshifter) (D:15)
  21 dream sheep
  18 blink frogs
  11 slime creatures
  14 spriggans (Lair:5)
  A shadow (D:12)
  Eustachio (D:5)
  6 wyverns
  9 water elementals
  4 wraiths
  A hog (shapeshifter) (D:14)
  5 wargs
  48 yaks
  3 basilisks
  4 steam dragons
  A redback (D:12)
  34 nagas
  Menkaure (D:7)
  An acid dragon (D:11)
  7 water moccasins
  53 orc warriors
  A sky beast (D:7)
  An ice beast (D:5)
  7 black bears
  5 boggarts
  23 wolves
  9 ogres (Orc:2)
  9 centaurs
  2 lemures (D:7)
  4 kobold brigands
  10 bullfrogs
  2 gnoll sergeants
  2 scorpions
  3 wights (D:8)
  A hornet simulacrum (D:14)
  3 killer bees (D:9)
  12 electric eels
  2 howler monkeys (D:13)
  4 hounds
  2 bombardier beetles
  4 jellies
  32 orc priests
  2 iguanas
  A sleepcap (D:4)
  Natasha (D:2)
  22 orc wizards
  9 adders
  9 gnolls
  A river rat (Sewer)
  A shadow imp (D:6)
  A white imp (D:6)
  3 dart slugs
  A ribbon worm (Sewer)
  124 orcs
  13 endoplasms
  8 giant cockroaches
  6 goblins
  7 hobgoblins
  2 jackals (D:2)
  10 kobolds
  3 quokkas
  9 ball pythons
  5 bats
  9 frilled lizards
  14 rats
  2 tentacles (Shoals:4)
1208 creatures vanquished.

Vanquished Creatures (others)
  A black mamba (Snake:3)
  An orc wizard (D:13)
  21 tentacles (Shoals:4)
23 creatures vanquished.

Grand Total: 1231 creatures vanquished

Notes
Turn   | Place    | Note
-------+----------+-------------------------------------------
     0 | D:5      | GordonOverkill the Formicid Delver began the quest for the
                  | Orb.
     0 | D:5      | Reached XP level 1. HP: 18/18 MP: 1/1
    24 | D:6      | Reached XP level 2. HP: 21/24 MP: 2/2
   179 | D:5      | Noticed an ice beast
   218 | D:5      | Found a basalt altar of Yredelemnul.
   219 | D:5      | Noticed Eustachio
   265 | D:5      | Noticed a black bear
   284 | D:5      | Noticed a scorpion
   286 | D:4      | Noticed a scorpion
   431 | D:4      | Reached XP level 3. HP: 12/22 MP: 3/3
   491 | D:4      | Found a glowing drain.
   495 | Sewer    | Entered a sewer
   738 | Sewer    | Reached XP level 4. HP: 32/32 MP: 4/4
   874 | Sewer    | Reached XP level 5. HP: 36/42 MP: 5/5
   889 | Sewer    | Found a shimmering altar of Xom.
  1402 | D:4      | Reached XP level 6. HP: 48/48 MP: 6/6
  2312 | D:3      | Identified the +4 whip of Checks and Balances {spect,
                  | rPois}
  2376 | D:3      | Found Exoxteg's Assorted Antiques.
  2388 | D:3      | Bought a scroll labelled IKIT QIOLICEGH for 19 gold pieces
  2388 | D:3      | Bought a scroll labelled FEXZIDDAMOSK for 19 gold pieces
  2845 | D:3      | Found a radiant altar of Vehumet.
  2845 | D:3      | Found a bloodstained altar of Trog.
  3068 | D:2      | Reached XP level 7. HP: 50/54 MP: 7/7
  3156 | D:2      | Reached skill level 5 in Dodging
  3336 | D:2      | Identified the +8 sling "Hiop" {elec, rElec Int+3 Dex+2
                  | SInv}
  3367 | D:2      | Noticed Natasha
  3371 | D:2      | Reached skill level 1 in Evocations
  3376 | D:2      | Killed Natasha
  3587 | D:1      | Found Etimm's Distillery.
  3594 | D:1      | Bought a potion of curing for 30 gold pieces
  3594 | D:1      | Bought a potion of heal wounds for 50 gold pieces
  3623 | D:1      | Found Lomu's Assorted Antiques.
  3628 | D:1      | Bought a scroll labelled IKIT QIOLICEGH for 24 gold pieces
  3628 | D:1      | Bought a scroll labelled FEXZIDDAMOSK for 24 gold pieces
  4079 | D:1      | Found Eceeggu's Jewellery Emporium.
  4651 | D:5      | Reached XP level 8. HP: 60/60 MP: 8/8
  4664 | D:5      | Reached skill level 5 in Ranged Weapons
  5098 | D:5      | Killed Eustachio
  5099 | D:5      | Reached XP level 9. HP: 60/65 MP: 9/9
  5179 | D:6      | Found a sacrificial altar of Ru.
  5247 | D:6      | Found an iron altar of Okawaru.
  5446 | D:6      | Found a staircase to the Ecumenical Temple.
  5487 | D:6      | Identified the +2 leather armour of Understanding {rC+
                  | Str+2 Slay+3}
  5762 | D:7      | Noticed Pikel
  5885 | D:6      | Became a worshipper of Warmaster Okawaru
  5913 | D:7      | Noticed Joseph
  5932 | D:7      | Killed Joseph
  6051 | D:7      | Killed Pikel
  6051 | D:7      | Reached * piety under Okawaru
  6052 | D:7      | Reached skill level 10 in Ranged Weapons
  6129 | D:7      | Reached XP level 10. HP: 71/71 MP: 12/12
  6150 | D:7      | Noticed Menkaure
  6154 | D:7      | Killed Menkaure
  6318 | D:7      | Found Puewnas's Magic Scroll Boutique.
  6323 | D:7      | Bought a scroll of enchant armour for 90 gold pieces
  6629 | D:8      | Reached ** piety under Okawaru
  7072 | D:8      | Found a staircase to the Lair.
  7234 | D:9      | Noticed Maggie
  7239 | D:9      | Killed Maggie
  7310 | D:9      | Noticed an orange demon
  7312 | D:9      | Noticed Amaemon
  7322 | D:9      | Killed an orange demon
  7322 | D:9      | Reached *** piety under Okawaru
  7333 | D:9      | Killed Amaemon
  7334 | D:9      | Reached XP level 11. HP: 59/77 MP: 10/13
  7370 | D:9      | Found an opulent altar of Gozag.
  7545 | D:9      | Found a glowing silver altar of Zin.
  7679 | D:9      | Noticed a two-headed ogre
  7686 | D:9      | Killed a two-headed ogre
  7948 | D:9      | Noticed Erica
  7958 | D:9      | Killed Erica
  7958 | D:9      | Reached **** piety under Okawaru
  7959 | D:9      | Reached skill level 15 in Ranged Weapons
  8091 | D:10     | Entered Level 10 of the Dungeon
  8104 | D:9      | Reached skill level 5 in Fighting
  9240 | D:11     | Noticed a boulder beetle
  9255 | D:11     | Killed a boulder beetle
  9348 | D:11     | Reached XP level 12. HP: 93/93 MP: 14/14
  9390 | D:11     | Noticed a two-headed ogre
  9396 | D:11     | Killed a two-headed ogre
  9455 | D:11     | Reached ***** piety under Okawaru
  9566 | D:11     | Noticed a two-headed ogre
  9576 | D:11     | Killed a two-headed ogre
  9898 | D:11     | Reached skill level 10 in Fighting
 10039 | Lair:1   | Entered Level 1 of the Lair of Beasts
 10063 | Lair:1   | Reached skill level 5 in Invocations
 10098 | Lair:1   | Got the Spellbook of the Door
 10132 | Lair:1   | Received a gift from Okawaru
 10393 | Lair:1   | Noticed Nergalle
 10402 | Lair:1   | Killed Nergalle
 11046 | Lair:2   | Noticed a skyshark
 11057 | Lair:2   | Killed a skyshark
 11129 | Lair:2   | Found a staircase to the Snake Pit.
 11153 | Lair:2   | Reached XP level 13. HP: 103/103 MP: 18/18
 11375 | Lair:2   | Noticed a seven-headed hydra
 11384 | Lair:2   | Killed a seven-headed hydra
 11384 | Lair:2   | Received a gift from Okawaru
 11910 | Lair:3   | Found a staircase to the Shoals.
 12133 | Lair:3   | Received a gift from Okawaru
 13110 | Lair:4   | Found a staircase to the Slime Pits.
 13198 | Lair:4   | Received a gift from Okawaru
 13278 | Lair:4   | Noticed a five-headed hydra
 13284 | Lair:4   | Killed a five-headed hydra
 13847 | Lair:5   | Entered Level 5 of the Lair of Beasts
 14039 | Lair:5   | Reached XP level 14. HP: 108/110 MP: 17/19
 14247 | Lair:5   | Received a gift from Okawaru
 14392 | Arena    | Entered the Arena
 14687 | Lair:5   | Reached skill level 5 in Shields
 15148 | Lair:5   | Received a gift from Okawaru
 16026 | D:12     | Found a staircase to the Orcish Mines.
 16139 | D:12     | Reached skill level 10 in Shields
 16422 | D:12     | Found Ybrun's Armour Boutique.
 16492 | D:12     | Reached XP level 15. HP: 117/117 MP: 20/20
 16576 | D:12     | Received a gift from Okawaru
 16807 | D:12     | Found a runed translucent door.
 18230 | D:13     | Received a gift from Okawaru
 18323 | D:13     | Found a gate to the Vaults.
 19039 | D:15     | Entered Level 15 of the Dungeon
 19203 | D:15     | Identified the +0 pair of boots of Greed {Rampage ^Drain
                  | MP+9}
 19806 | D:15     | Received a gift from Okawaru
 19812 | D:15     | Reached skill level 15 in Fighting
 20131 | D:15     | Found a staircase to the Depths.
 20335 | D:15     | Found a hazy altar of Hepliaklqana.
 20456 | Orc:1    | Entered Level 1 of the Orcish Mines
 20630 | Orc:1    | Found Myighagh's CLEARANCE SALE!.
 20693 | Orc:1    | Noticed an orc warlord
 20714 | Orc:1    | Reached XP level 16. HP: 136/136 MP: 18/21
 20881 | Orc:2    | Entered Level 2 of the Orcish Mines
 20944 | Orc:2    | Noticed Saint Roka
 21011 | Orc:2    | Killed Saint Roka
 22153 | Orc:2    | Found Yclyazo's Jewellery Boutique.
 22288 | Orc:2    | Found Tyrip's Weapon Shop.
 22606 | Orc:2    | Received a gift from Okawaru
 22769 | Orc:2    | Reached skill level 15 in Shields
 22812 | Orc:2    | Found a staircase to the Elven Halls.
 23402 | Orc:2    | Found Umetsoif's Book Shop.
 23488 | Orc:2    | Found Teuvarph's Jewellery Shoppe.
 23832 | Shoals:1 | Entered Level 1 of the Shoals
 24497 | Shoals:1 | Received a gift from Okawaru
 24746 | Shoals:1 | Reached XP level 17. HP: 142/142 MP: 22/22
 24982 | Shoals:1 | Reached skill level 1 in Armour
 25718 | Shoals:2 | Reached skill level 5 in Armour
 25753 | Shoals:2 | Noticed Polyphemus
 25765 | Shoals:2 | Killed Polyphemus
 26301 | Shoals:2 | Received a gift from Okawaru
 26976 | Shoals:3 | Noticed Ilsuiw
 26987 | Arena    | Entered the Arena
 26996 | Arena    | Killed Ilsuiw
 27021 | Shoals:3 | Reached skill level 10 in Armour
 27092 | Shoals:3 | Identified the +3 leather armour of Resonance {rN++}
 27583 | Shoals:4 | Entered Level 4 of the Shoals
 27583 | Shoals:4 | Noticed Donald
 27592 | Shoals:4 | Killed Donald
 28052 | Shoals:4 | Reached XP level 18. HP: 142/149 MP: 23/23
 28454 | Shoals:4 | Noticed a kraken
 28499 | Shoals:4 | Killed a kraken
 28499 | Shoals:4 | Received a gift from Okawaru
 29099 | Arena    | Entered the Arena
 29527 | Shoals:4 | Got a barnacled rune of Zot
 29553 | Shoals:4 | Noticed a kraken
 29594 | Shoals:4 | Killed a kraken
 29613 | Shoals:4 | Identified the amulet of Eternal Night {RegenMP +Blink rN+}
 30007 | Snake:1  | Entered Level 1 of the Snake Pit
 30155 | Snake:1  | Reached skill level 15 in Armour
 30314 | Snake:1  | Found Rolelyla's Tiny Tomes.
 30578 | Snake:1  | Found Voggu's Antique Weapon Shop.
 30603 | Snake:1  | Found Hounnur's General Store.
 30603 | Snake:1  | Found Nailuf's General Store.
 30607 | Snake:1  | Found Byma's Magic Scroll Shop.
 30616 | Snake:1  | Bought a scroll of enchant armour for 82 gold pieces
 30616 | Snake:1  | Bought a scroll of enchant armour for 82 gold pieces
 31580 | Snake:1  | Bought a condenser vane for 520 gold pieces
 32754 | Snake:2  | Reached XP level 19. HP: 68/133 MP: 22/24
 33734 | Snake:3  | Noticed Nikola
 34107 | Snake:3  | Killed Nikola
 34262 | Snake:3  | Identified the serpent talisman "Fyec" {Str+5 Dex+4}
 34262 | Snake:3  | Noticed Aizul
 34275 | Snake:3  | Killed Aizul
 35801 | Snake:3  | Received a gift from Okawaru
 36000 | Snake:4  | Entered Level 4 of the Snake Pit
 37422 | Snake:4  | Received a gift from Okawaru
 37482 | Snake:4  | Got a serpentine rune of Zot
 37484 | Snake:4  | Got a jade gem with 0 turns to spare
 37777 | Snake:4  | Reached XP level 20. HP: 159/162 MP: 25/25
 38473 | Vaults:1 | Entered Level 1 of the Vaults
 38518 | Vaults:1 | Identified the +11 battleaxe of Autumn {speed, *Noise rN+
                  | Str+2 Dex+3 SInv}
 38685 | Vaults:1 | Found a flickering gateway to a bazaar.
 38698 | Bazaar   | Entered a bazaar
 38698 | Bazaar   | Found Uzxidghu's Antique Weapon Boutique.
 38698 | Bazaar   | Found Tigovoet's General Store.
 38698 | Bazaar   | Found Syoweitu's Armour Shop.
 39045 | Vaults:1 | Found a runed translucent door.
 39045 | Vaults:1 | Noticed Muvus's ghost (adept DsFi)
 39146 | Vaults:1 | Received a gift from Okawaru
 39397 | Vaults:1 | Killed Muvus's ghost
 39518 | Vaults:2 | Found a staircase to the Crypt.
 39557 | Vaults:2 | Found Ephis's Book Shoppe.
 39571 | Vaults:2 | Found Wideagor's Armour Shoppe.
 39587 | Vaults:2 | Identified the +1 chain mail of Distant Worlds {Str+3
                  | Slay+3}
 39777 | Vaults:2 | HP: 4/162 [ironbound thunderhulk/bolt of lightning[a vault
                  | warden] (51)]
 39968 | Vaults:2 | Found Yngaqel's Antique Armour Boutique.
 41059 | Vaults:2 | Found Juticiop's Distillery.
 41067 | Vaults:2 | Bought a potion of heal wounds for 115 gold pieces
 41067 | Vaults:2 | Bought a potion of heal wounds for 115 gold pieces
 41067 | Vaults:2 | Bought a potion of enlightenment for 115 gold pieces
 41067 | Vaults:2 | Bought a potion of ambrosia for 184 gold pieces
 41572 | Vaults:3 | Reached XP level 21. HP: 131/168 MP: 19/26
 41573 | Vaults:3 | Received a gift from Okawaru
 41616 | Vaults:3 | Identified the +6 short sword of Soinifum {drain, rC+}
 41798 | Vaults:3 | HP: 5/162 [tengu reaver/bolt of poison (44)]
 41799 | Vaults:3 | Killed from afar by a tengu reaver

Illustrated notes

Levels and vault maps discovered:
D:1:      dpeg_arrival_windows_large_door, layout_basic, serial_shops,
          nicolae_diamond_shop, shop, shop
D:2:      layout_rooms, grunt_ministairs_1, uniq_natasha
D:3:      layout_basic, gammafunk_temple_overflow_elements, serial_shops,
          shop_fountains
D:4:      layout_cave_pods, serial_column_ruins, column_ruins_grid_1,
          column_ruins_columns_straight, column_ruins_open_small,
          column_ruins_open_large, column_ruins_open_tiny,
          column_ruins_open_large, mainiacjoe_sewer_entry_somewhere_in_here_2,
          chequers_serial_rivers_micro_d
D:5:      layout_rooms, mainiacjoe_overflow_small_starburst, grunt_ministairs_8,
          minmay_strange_pillars, uniq_eustachio
D:6:      layout_rooms, nicolae_ru_the_path_less_chosen, okawaru_gym_becter,
          minmay_temple_entry_gardened_gates, eino_tiny_chamber
D:7:      layout_rooms, serial_shops, kennysheep_little_box, uniq_pikel,
          uniq_joseph, uniq_menkaure
D:8:      layout_gridville, dpeg_oklobed_lair
D:9:      layout_basic, mainiacjoe_overflow_boulevard,
          nicolae_gozag_seed_capital, uniq_erica, uniq_amaemon, uniq_maggie
D:10:     layout_layer_cave
D:11:     layout_loops_corners
D:12:     layout_small_grid, david_orc_3, serial_shops,
          nicolae_shop_window_shopping, minmay_hidden_floor
D:13:     layout_basic, hangedman_vaults_entry_quadrant_bands,
          serial_library_hellmonk_small_alcove
D:14:     layout_basic
D:15:     gammafunk_enter_depths_forms, layout_basic,
          nicolae_hepliaklqana_hippocampus
Lair:1:   layout_long_grid, chequers_serial_rivers_micro_b, grunt_megastairs_5,
          uniq_nergalle
Lair:2:   layout_gridlike, guppyfry_snake_entry_island, grunt_megastairs_3
Lair:3:   layout_hall_layers, minmay_shoals_entry_beasts, serial_bayou_lake_a,
          grunt_megastairs_2
Lair:4:   layout_regular_city, slime_entry_1, lemuel_fruit_tree
Lair:5:   minmay_lair_end_enchanted_forest, layout_layer_cave
Shoals:1: layout_shoals, nicolae_shoals_the_drawing_of_the_three
Shoals:2: layout_shoals, uniq_polyphemus
Shoals:3: layout_shoals, uniq_ilsuiw
Shoals:4: shoals_end_grunt_ice, layout_shoals, nicolae_shoals_circle_sea_wall,
          nicolae_shoals_shepherds, uniq_donald
Snake:1:  layout_layer_cave, minmay_shop_grid_forest,
          nicolae_shop_i_like_small_books_too, grunt_megastairs_4,
          serial_bayou_shore_a
Snake:2:  layout_cave_town
Snake:3:  layout_cave_town, nicolae_snake_gridmaze_spiral, uniq_aizul,
          uniq_nikola
Snake:4:  grunt_snake_rune_spirals, layout_onion_interference
Orc:1:    cheibrodos_orc_arena, layout_caves, basic_altar,
          nicolae_shop_clearance
Orc:2:    pubby_orc_utopia, uniq_saint_roka
Vaults:1: hellmonk_ghost_happy_afterlife, nicolae_vaults_double_plus_3,
          nicolae_vaults_circle_grid_b, nicolae_vaults_mini_display_case,
          nicolae_vaults_rhombus_5, nicolae_vaults_trapezoid_layered,
          v_pattern_1, vaults_room_fours, nicolae_vaults_sightless_eye,
          nicolae_vaults_house_2, layout_vaults_big_room, serial_shops,
          bzr_entry_lakeside
Vaults:2: nicolae_vaults_tetromino_L_1, hangedman_vaults_stream,
          ontoclasm_vaults_twist, nicolae_vaults_double_plus_3,
          vaults_room_door_hall, nicolae_vaults_little_squares_6,
          nicolae_vaults_mitosis, nicolae_vaults_trapezoid_1,
          nicolae_vaults_double_plus_1, nicolae_vaults_border_crossing,
          layout_vaults_omnigrid, serial_shops, nicolae_shop_hallway_stairs,
          nicolae_shop_tiny_statue_garden, shop, nicolae_shop_statue_plus
Vaults:3: vaults_dpeg_cross, st_lattice, v_alt_pattern_3,
          ontoclasm_vaults_tryst, v_misc_29, ontoclasm_vaults_pinch,
          v_alt_pattern_5, ontoclasm_vaults_idyll, vaults_mumra_hex,
          nicolae_vaults_closet_pinwheel_5, nicolae_vaults_tetromino_T_1,
          grunt_vaults_funnel, layout_vaults_maze

Skill      XL: |  1  2  3  4  5  6  7  8  9 10 11 12 13 14 15 16 17 18 19 20 21 |
---------------+----------------------------------------------------------------+-----
Dodging        | 2 3 4 5 |  5.0
Fighting       | 4 8 10 15 | 15.0
Polearms       | 3 4 |  4.0
Evocations     | 2 |  2.0
Ranged Weapons | 4 7 10 13 15 18 20 21 | 21.0
Invocations    | 3 7 |  7.5
Shields        | 4 10 11 15 19 20 | 20.0
Armour         | 12 16 20 21 | 21.0
Stealth        | |  6.1

Action                     |  1- 3 |  4- 6 |  7- 9 | 10-12 | 13-15 | 16-18 | 19-21 || total
---------------------------+-------+-------+-------+-------+-------+-------+-------++-------
  Melee: Spear             |     5 |       |       |       |       |       |       ||     5
         Trident           |    47 |    62 |       |       |       |       |       ||   109
         Dagger            |       |    33 |       |       |       |       |       ||    33
         Whip              |       |    26 |    34 |       |       |       |       ||    60
         Punch             |       |     2 |     3 |       |       |       |       ||     5
         Sling             |       |       |       |       |       |     1 |       ||     1
   Fire: Sling             |       |       |   162 |   369 |  1103 |  1515 |   153 ||  3302
         Hand cannon       |       |       |       |       |       |   237 |   768 ||  1005
 Invoke: Heroism           |       |       |       |    10 |    22 |    23 |    11 ||    66
         Finesse           |       |       |       |       |     1 |     4 |     5 ||    10
         Duel              |       |       |       |       |     1 |     2 |       ||     3
Ability: Dig               |     1 |       |     2 |     3 |     8 |     6 |     2 ||    22
  Evoke: Wand              |       |       |       |     2 |     7 |     1 |       ||    10
         Condenser vane    |       |       |       |       |       |       |     2 ||     2
    Use: Scroll            |     2 |       |     7 |    10 |     7 |    14 |     7 ||    47
         Potion            |       |       |       |       |     3 |     9 |     7 ||    19
   Stab: Sleeping          |     1 |    10 |     4 |       |       |       |       ||    15
         Distracted        |     1 |       |       |       |       |       |       ||     1
 Armour: Leather armour    |    19 |    55 |    50 |    56 |   196 |   369 |   206 ||   951
         Chain mail        |       |       |       |       |       |       |   117 ||   117
  Dodge: Dodged            |    22 |    55 |    63 |    56 |   148 |   213 |   146 ||   703
  Block: Buckler           |       |       |     4 |    18 |    49 |       |       ||    71
         Tower shield      |       |       |       |       |   114 |   891 |   559 ||  1564
